Map: [ESL] Site Delta

Players

Classic - Winner!

  • Race: Protoss Protoss
  • Spawn Location: 5:00

Lambo

  • Race: Zerg Zerg
  • Spawn Location: 11:00

Event: ESL SC2 Masters 2023 Winter (Finals)

VOD

Have the link to the VOD?

Description

Time

  • Played on: Dec. 16, 2023, 12:53 p.m.
  • Length: 13:20

All games in this series

Show
View Real Time Build Order
Export as new Build Order

Classic Protoss - Winner!

Build Orders: 1 Gate Expand, Oracle Opening, Phoenix Opening 

Get SALT Encoding   

  12  0:00  Probe  
  13  0:13  Pylon  
  13  0:17  Probe (Chrono Boost)  
  14  0:27  Probe (Chrono Boost)  
  15  0:32  Probe (Chrono Boost)  
  16  0:38  Gateway  
  16  0:43  Probe  
  16  0:48  Assimilator  
  17  0:55  Probe  
  18  1:08  Probe  
  19  1:20  Probe  
  20  1:27  Nexus  
  20  1:32  Probe  
  21  1:40  Cybernetics Core  
  21  1:44  Probe  
  22  1:50  Assimilator  
  22  1:54  Pylon  
  22  1:56  Probe  
  23  2:12  Probe  
  23  2:13  Adept (Chrono Boost)  
  24  2:18  Stargate  
  26  2:24  Probe  
  26  2:27  Warp Gate  
  27  2:36  Probe (Chrono Boost), Adept  
  30  2:39  Probe (Chrono Boost)  
  31  2:47  Probe (Chrono Boost)  
  31  2:48  Probe (Chrono Boost)  
  33  2:52  Probe (Chrono Boost)  
  33  2:53  Probe (Chrono Boost)  
  35  3:01  Phoenix (Chrono Boost)  
  35  3:03  Probe  
  35  3:05  Probe  
  39  3:10  Pylon  
  39  3:11  Adept  
  41  3:15  Probe  
  41  3:17  Probe  
  43  3:21  Oracle (Chrono Boost)  
  46  3:28  Probe  
  46  3:29  Probe  
  46  3:30  Gateway  
  48  3:40  Probe  
  49  3:41  Probe  
  50  3:51  Oracle (Chrono Boost), Pylon  
  53  4:09  Nexus  
  51  4:12  Twilight Council  
  51  4:15  Probe x2  
  51  4:16  Pylon  
  51  4:24  Gateway  
  51  4:25  Gateway  
  51  4:27  Probe x2  
  51  4:29  Gateway  
  53  4:32  Assimilator  
  53  4:35  Adept x2  
  53  4:37  Assimilator  
  57  4:42  Probe x2  
  57  4:44  Pylon  
  59  4:48  Resonating Glaives (Chrono Boost)  
  59  5:04  Adept x2  
  60  5:11  Probe  
  60  5:12  Probe  
  60  5:13  Pylon  
  62  5:21  Robotics Facility  
  62  5:24  Probe  
  62  5:26  Probe x2  
  65  5:30  Adept x5  
  73  5:36  Probe  
  73  5:38  Probe x2  
  76  5:48  Probe  
  77  5:50  Probe x2  
  77  5:51  Shield Battery  
  77  5:56  Adept x5  
  89  6:00  Probe  
  89  6:01  Pylon  
  90  6:04  Shield Battery  
  90  6:06  Probe x2  
  91  6:12  Immortal (Chrono Boost), Probe  
  91  6:13  Shield Battery  
  91  6:16  Sentry x2  
  100  6:19  Shield Battery  
  100  6:22  Adept x2  
  104  6:26  Adept  
  104  6:27  Pylon  
  106  6:33  Blink, Pylon  
  106  6:34  Pylon  
  106  6:38  Probe x3  
  107  6:40  Pylon  
  107  6:45  Forge  
  105  6:50  Immortal (Chrono Boost)  
  105  6:52  Assimilator  
  109  6:55  Assimilator  
  109  6:58  Probe x2  
  109  6:59  Probe  
  112  7:11  Gateway  
  112  7:12  Robotics Bay  
  112  7:13  Gateway  
  112  7:15  Gateway  
  112  7:16  Stalker x2  
  112  7:22  Stalker x2  
  120  7:24  Adept  
  120  7:28  Protoss Ground Weapons Level 1 (Chrono Boost)  
  126  7:40  Robotics Facility  
  116  7:47  Probe x3  
  117  7:52  Pylon  
  117  7:57  Stalker x5  
  125  8:02  Pylon  
  129  8:08  Observer (Chrono Boost)  
  126  8:16  Nexus  
  126  8:18  Pylon  
  126  8:19  Stalker x3  
  120  8:20  Stalker x4  
  120  8:29  Disruptor (Chrono Boost)  
  116  8:42  Stalker x4  
  116  8:45  Stalker  
  116  8:46  Adept  
  114  8:50  Zealot x2  
  89  9:07  Stalker  
  89  9:08  Stalker x4  
  90  9:14  Stalker  
  82  9:19  Probe x2  
  82  9:20  Probe  
  82  9:24  Stalker x2  
  81  9:32  Stalker x2  
  81  9:33  Protoss Ground Weapons Level 2 (Chrono Boost)  
  81  9:36  Probe x3  
  88  9:53  Probe x3  
  91  10:03  Disruptor x2 (Chrono Boost)  
  99  10:08  Zealot  
  101  10:22  Pylon  
  101  10:28  Nexus  
  101  10:29  Pylon  
  101  10:31  Disruptor x2 (Chrono Boost)  
  109  10:46  Stalker x7  
  119  10:53  Zealot  
  122  10:57  Probe x3  
  122  11:02  Disruptor (Chrono Boost)  
  122  11:03  Disruptor (Chrono Boost)  
  132  11:15  Probe x3  
  132  11:16  Photon Cannon  
  135  11:18  Shield Battery  
  135  11:29  Immortal (Chrono Boost)  
  141  11:36  Warp Prism (Chrono Boost)  
  141  11:37  Sentry  
  143  11:42  Photon Cannon, Stalker x3  
  149  11:51  Probe  
  149  11:52  Probe x3  
  153  12:10  Stalker x7  
  153  12:14  Stalker  
  169  12:27  Pylon  
  169  12:28  Pylon  
  169  12:43  Stalker x4  
  163  12:46  Stalker x4  
  142  13:12  Stalker x7  
  150  13:13  Stalker  
Show
View Real Time Build Order
Export as new Build Order

Lambo Zerg 

Build Orders: Hatch First, Lurkers 

Get SALT Encoding   

  12  0:00  Drone  
  13  0:12  Overlord  
  13  0:16  Drone  
  14  0:30  Drone x2  
  16  0:42  Drone  
  17  0:51  Hatchery  
  17  0:54  Drone  
  17  0:57  Drone  
  18  1:09  Extractor  
  17  1:12  Spawning Pool  
  17  1:16  Drone  
  17  1:20  Drone  
  18  1:30  Drone  
  19  1:38  Drone  
  20  1:50  Overlord  
  20  1:58  Queen  
  22  2:03  Drone, Queen  
  22  2:04  Zergling x2  
  26  2:10  Metabolic Boost  
  26  2:11  Zergling x2  
  26  2:14  Drone  
  28  2:21  Drone  
  29  2:25  Drone  
  30  2:32  Drone  
  30  2:35  Drone  
  32  2:43  Hatchery  
  31  2:47  Queen  
  33  2:51  Overlord  
  33  2:54  Drone  
  33  2:56  Zergling x2  
  35  2:59  Drone  
  36  3:08  Overlord  
  36  3:10  Queen  
  36  3:11  Drone  
  39  3:13  Zergling x2  
  39  3:16  Drone  
  39  3:19  Zergling x2  
  42  3:20  Drone  
  42  3:25  Overlord  
  42  3:27  Drone  
  44  3:30  Drone x2  
  46  3:37  Queen  
  46  3:38  Drone x2  
  50  3:44  Evolution Chamber  
  50  3:48  Drone x3  
  52  3:49  Drone  
  54  3:56  Queen  
  54  3:57  Drone x2  
  54  3:59  Drone  
  59  4:08  Overlord  
  58  4:10  Spore Crawler  
  58  4:14  Drone  
  57  4:19  Drone  
  57  4:21  Overlord  
  57  4:22  Drone x2  
  58  4:24  Overlord  
  58  4:27  Drone x3  
  58  4:28  Roach Warren  
  58  4:30  Drone x2  
  62  4:32  Drone  
  62  4:35  Spore Crawler  
  62  4:36  Spore Crawler  
  62  4:38  Extractor  
  60  4:41  Drone x3  
  60  4:43  Drone  
  64  4:48  Extractor, Lair  
  64  4:50  Drone x3  
  65  4:55  Drone x3  
  65  4:59  Drone x2  
  65  5:00  Drone  
  65  5:04  Drone x3  
  65  5:06  Overlord  
  69  5:08  Zergling x2  
  69  5:10  Zergling x4  
  73  5:14  Zergling x4  
  73  5:16  Pneumatized Carapace  
  73  5:19  Zergling x2, Extractor  
  74  5:24  Roach x3  
  79  5:28  Overlord  
  79  5:29  Overlord  
  79  5:32  Overlord  
  79  5:33  Roach  
  81  5:40  Overlord  
  81  5:47  Roach x4  
  81  5:48  Zergling x10  
  94  5:55  Ravager  
  94  5:56  Ravager  
  96  5:58  Zergling x4, Queen  
  96  6:00  Zergling x6  
  103  6:06  Zergling x10  
  103  6:09  Zergling x2  
  103  6:10  Zergling x2  
  109  6:12  Zergling x4  
  109  6:14  Zergling x2  
  109  6:15  Ravager  
  113  6:20  Spore Crawler, Overlord  
  113  6:21  Spore Crawler, Ravager  
  113  6:22  Ravager  
  113  6:24  Overlord  
  115  6:26  Overlord  
  115  6:32  Glial Reconstitution  
  112  6:34  Drone x3  
  112  6:38  Drone  
  113  6:42  Drone x6  
  113  6:43  Drone  
  119  6:48  Roach x2  
  119  6:49  Extractor  
  120  6:54  Roach  
  120  6:57  Roach x4  
  120  7:00  Roach  
  132  7:04  Roach x2  
  132  7:06  Overlord x2  
  132  7:07  Overlord  
  136  7:10  Overlord  
  136  7:12  Overlord  
  136  7:16  Overlord  
  136  7:19  Overlord  
  136  7:21  Overlord  
  136  7:26  Roach x4  
  139  7:35  Roach x4  
  138  7:38  Roach  
  137  7:47  Roach x2  
  139  7:52  Roach x2  
  139  7:55  Zergling x6  
  145  8:01  Zergling x6  
  145  8:02  Ravager x2  
  145  8:03  Ravager  
  145  8:05  Zergling x2  
  152  8:06  Ravager  
  152  8:08  Zergling x4  
  151  8:14  Zergling x8  
  151  8:16  Zergling x2  
  151  8:17  Ravager  
  151  8:19  Zergling x4  
  153  8:21  Ravager  
  153  8:26  Zergling x4  
  150  8:33  Zergling x10  
  144  8:39  Roach  
  129  8:42  Roach x2  
  123  8:53  Roach  
  123  8:54  Queen x2  
  118  8:59  Roach x5  
  121  9:04  Zergling x4  
  113  9:11  Roach x2  
  113  9:16  Roach  
  100  9:19  Infestation Pit  
  100  9:20  Extractor, Evolution Chamber  
  92  9:26  Drone x8  
  92  9:31  Drone x2  
  90  9:35  Drone  
  88  9:40  Drone x2  
  88  9:44  Hydralisk Den  
  87  9:52  Zerg Missile Weapons Level 1  
  87  9:56  Roach x4  
  87  9:58  Hatchery  
  94  10:02  Hive  
  94  10:03  Roach  
  94  10:04  Roach  
  94  10:07  Drone x2  
  99  10:08  Drone  
  99  10:11  Zergling x4  
  99  10:14  Zergling x4  
  105  10:16  Drone  
  105  10:17  Roach  
  108  10:25  Roach x7  
  122  10:28  Zergling x2  
  122  10:33  Drone  
  122  10:34  Drone x2, Lurker Den  
  125  10:39  Hydralisk  
  125  10:40  Zergling x4  
  129  10:43  Zergling x4  
  131  10:52  Hatchery  
  131  10:53  Hydralisk  
  132  10:57  Hydralisk  
  132  11:00  Overseer  
  132  11:02  Hydralisk x2  
  138  11:06  Hydralisk  
  138  11:10  Hydralisk x2  
  144  11:13  Drone x2  
  144  11:18  Hydralisk  
  148  11:21  Extractor, Overlord  
  148  11:23  Viper x2  
  148  11:25  Extractor  
  152  11:26  Drone x2  
  152  11:28  Drone  
  152  11:29  Drone  
  152  11:31  Hydralisk  
  158  11:35  Hydralisk  
  158  11:38  Hydralisk  
  162  11:44  Hydralisk  
  162  11:45  Hydralisk x2  
  168  11:49  Seismic Spines  
  168  11:52  Lurker  
  169  11:58  Lurker  
  170  12:01  Drone x2  
  170  12:02  Drone x5  
  170  12:07  Lurker  
  178  12:16  Lurker  
  178  12:21  Zergling x22  
  190  12:26  Lurker  
  189  12:34  Zergling x12  
  179  12:43  Zergling x14  
  162  12:48  Zergling x14  
  162  12:54  Hydralisk x3  
Tags
 
Add a new tag
Caveats
  • Supply blocks, unpowered buildings, or Contaminate may cause inaccurate times.
  • Supply counts are checked every 10 seconds.